 Dungeon Crawl Stone Soup version 0.28-a0-925-gd5e1996cdb (webtiles) character file.

Game seed: 10711647580045734466

18 Sabo the Shield-Bearer (level 2, 24/24 HPs)
             Began as a Formicid Fighter on Nov 26, 2021.
             Was a Follower of Kikubaaqudgha.
             Got out of the dungeon alive.
             The game lasted 00:04:47 (1133 turns).

Sabo the Shield-Bearer (Formicid Fighter)           Turns: 1133, Time: 00:04:48

Health: 24/24      AC: 10    Str: 20    XL:     2   Next: 90%
Magic:  2/2        EV:  9    Int:  7    God:    Kikubaaqudgha [*.....]
Gold:   4          SH:  4    Dex: 10    Spells: 1/1 levels left

rFire   x . .      SeeInvis +   e - +2 whip (elec)
rCold   + + .      Faith    .   c - +0 buckler
rNeg    . . .      Spirit   .   h - +0 ice dragon scales
rPois   .          Reflect  .   (helmet unavailable)
rElec   .          Harm     .   (no cloak)
rCorr   .          Rampage  .   (no gloves)
Will    .....                   (no boots)
Stlth   ..........              (no amulet)
HPRegen 0.08/turn               (no ring)
MPRegen 0.08/turn               (no ring)

@: no status effects
A: permanent stasis, dig shafts and tunnels, antennae 3, four strong arms
a: Dig, Shaft Self, Renounce Religion, Receive Corpses


You escaped.
You worshipped Kikubaaqudgha.
Kikubaaqudgha was aware of your devotion.
You visited 1 branch of the dungeon, and saw 1 of its levels.

You collected 4 gold pieces.

Inventory:

Hand Weapons
 a - a +0 war axe
 e - a +2 whip of electrocution (weapon)
 j - a +0 dagger of venom
Armour
 b - a +0 scale mail
 c - a +0 buckler (worn)
 h - +0 ice dragon scales (worn)
Scrolls
 g - a scroll of acquirement {unknown}
 i - a scroll of summoning {unknown}
Potions
 d - a potion of might
 f - a potion of haste {unknown}


   Skills:
 + Level 3.5 Fighting
 + Level 2.1 Axes
 + Level 3.8 Armour
 + Level 3.9 Shields


You had one spell level left.
You didn't know any spells.
Your spell library contained the following spells:

 Spells                   Type           Power      Damage    Failure   Level
 Pain                     Necr           0%         1d4       85%         1
 Corpse Rot               Necr/Air       0%         N/A       94%         2
 Sublimation of Blood     Necr           0%         N/A       94%         2
 Vampiric Draining        Necr           0%         2d6       99%         3


Dungeon Overview and Level Annotations

Branches:
Dungeon (1/15)

Altars:
Kikubaaqudgha


Innate Abilities, Weirdness & Mutations

You cannot be hasted, slowed, berserked, paralysed or teleported.
You can dig through walls and to a lower floor.
You have a pair of large antennae on your head. (SInv)
Your four strong arms can wield two-handed weapons with a shield.


Message History

You closely miss the bat.
The bat is heavily wounded.
The bat hits you but does no damage. x2
You hit the bat.
You kill the bat!
A quokka comes into view.
The quokka bites you but does no damage.
You closely miss the quokka. The quokka closely misses you.
You hit the quokka. Lightning courses through the quokka!
You kill the quokka!
You see here a quokka corpse.
As you open the door, it creaks loudly!
Found a faded altar of an unknown god.
There is an open door here.
There is a faded altar of an unknown god here.
You cannot tell which god this altar belongs to.
Convert to them anyway?
Kikubaaqudgha accepts your prayer! Kikubaaqudgha welcomes you!
You can now receive cadavers from Kikubaaqudgha.
Kikubaaqudgha grants you a gift!
You add the spells Pain, Sublimation of Blood, Corpse Rot and Vampiric Draining to your library.
There is an open door here.
You see here a quokka corpse.
You extend your mandibles.
You dig through the rock wall.
You retract your mandibles.
You open the door.
There is an open door here.
There is an open door here.
You see here a goblin skeleton.
You extend your mandibles.
You dig through the rock wall.
You dig through the rock wall.
You dig through the rock wall.
You retract your mandibles.
There is a staircase leading out of the dungeon here.
There is a staircase leading out of the dungeon here.
You can't go down here!
Are you sure you want to leave the Dungeon?
This will make you lose the game!
You have escaped!

.>>...........# #)# ##.###.#
#. ###.........#.###.#
#...##.# #.
#...............#
#......#####. #
#.........#######
#...##....... # ##....>..##
#######)÷.### # #......##
########...# #
#.############# #..........#
#
#.#..#.....#..###.#######..#
# #.#..###'###.@....# #..# #
#.#..'.....'..###.# #...# #
#.####..#..#### #.# #.#.# #
#.#....###)...# #.# #.#.# #
#.#.....#.....# #.# #.#.# #
#.#.#.⌠.#.⌠.#.# #.# #.#.#
#.#.#.......#.# ..#
#.#.###...###.# ###
####.#...........#


There were no monsters in sight!

Vanquished Creatures
  A hobgoblin (D:1)
  3 jackals (D:1)
  A quokka (D:1)
  A ball python (D:1)
  3 bats (D:1)
  A frilled lizard (D:1)
  3 goblins (D:1)
  4 kobolds (D:1)
  2 rats (D:1)
19 creatures vanquished.

Notes
Turn   | Place    | Note
-------+----------+-------------------------------------------
     0 | D:1      | Sabo the Formicid Fighter began the quest for the Orb.
     0 | D:1      | Reached XP level 1. HP: 18/18 MP: 1/1
   457 | D:1      | Reached XP level 2. HP: 24/24 MP: 2/2
  1049 | D:1      | Found a faded altar of an unknown god.
  1053 | D:1      | Prayed at the altar of an unknown god.
  1053 | D:1      | Became a worshipper of Kikubaaqudgha
  1053 | D:1      | Reached * piety under Kikubaaqudgha
  1053 | D:1      | Received a gift from Kikubaaqudgha
  1133 | D:$      | Got out of the dungeon alive.

Illustrated notes

Levels and vault maps discovered:
D:1:      dpeg_arrival_court, layout_loops_ring,
          shapermc_ecumenical_altar_mp_vishouse, ebering_dispersal_statue_hall

Action                   || total
-------------------------++-------
Melee: Whip              ||    43
       War axe           ||     5
 Abil: Dig               ||     3
Armor: Scale mail        ||     7
       Ice dragon scales ||    13
Dodge: Dodged            ||    23
Block: Buckler           ||    11

Table legend: (Time is in decaauts)
 A = Elapsed time spent in this place.
 B = Non-inter-level travel time spent in this place.
 C = Inter-level travel time spent in this place.
 D = Time resting spent in this place.
 E = Time spent auto-exploring this place.
 F = Levels seen in this place.
 G = Mean time per level.
                   A        B        C        D        E       F      G
               +--------+--------+--------+--------+--------+-----+--------+
         Total |   1139 |   1139 |      0 |    495 |      0 |   1 | 1139.0 |
       Dungeon |   1139 |   1139 |      0 |    495 |      0 |   1 | 1139.0 |
               +--------+--------+--------+--------+--------+-----+--------+

Top non-repeatable levels by time:
     D:1: 1139 daAuts
